 Dungeon Crawl Stone Soup version 0.27-a0-1555-g0e7b3fb1d2 (webtiles) character file.

Game seed: 13469943485492809671

43 zazu2006 the Magician (level 3, 0/28 HPs)
             Began as a Naga Hedge Wizard on July 14, 2021.
             Slain by a quokka (3 damage)
             ... on level 3 of the Dungeon.
             The game lasted 00:03:31 (1327 turns).

zazu2006 the Magician (Naga Hedge Wizard)           Turns: 1327, Time: 00:03:31

Health: 0/28       AC:  2    Str: 12    XL:     3   Next: 58%
Magic:  1/8        EV:  9    Int: 15    God:
Gold:   37         SH:  0    Dex: 10    Spells: 0/9 levels left

rFire    . . .     SeeInvis +   a - +0 dagger
rCold    . . .     Faith    .   (no shield)
rNeg     . . .     Spirit   .   e - +0 leather armour
rPois    +         Reflect  .   c - +0 hat
rElec    .         Harm     .   (no cloak)
rCorr    .         Rampage  .   (no gloves)
Will     .....                  (no barding)
Stlth    ++........             (no amulet)
HPRegen  0.09/turn              (no ring)
MPRegen  0.11/turn              (no ring)

@: very slightly contaminated, very slow
A: AC +1, large, see invisible, deformed body, poison resistance, slowness 2,
spit poison 1, naga tail 1
a: Spit Poison


You were on level 3 of the Dungeon.
You visited 1 branch of the dungeon, and saw 3 of its levels.

You collected 37 gold pieces.

Inventory:

Hand Weapons
 a - a +0 dagger (weapon)
Armour
 b - a +0 robe
 c - a +0 hat (worn)
 e - a +0 leather armour (worn)
Scrolls
 d - a scroll of immolation {unknown}
 f - a scroll of fog {unknown}
 g - a scroll of enchant armour {unknown}
 h - a scroll of vulnerability {unknown}
 i - a scroll of brand weapon {unknown}
 j - a scroll of teleportation {unknown}
 k - a scroll of identify {unknown}


   Skills:
 + Level 0.2 Armour
 + Level 1.6 Dodging
 + Level 3.5 Stealth
 + Level 3.9 Spellcasting
 + Level 1.3 Conjurations
 + Level 1.0 Summonings
 + Level 1.0 Translocations


You couldn't memorise any spells.
You knew the following spells:

 Your Spells              Type           Power      Damage    Failure   Level
a - Magic Dart            Conj           24%        1d4       14%         1
b - Mephitic Cloud        Conj/Pois/Air  4%         N/A       50%         3
c - Conjure Flame         Conj/Fire      4%         6-21      47%         3
d - Blink                 Tloc           N/A        N/A       24%         2

Your spell library contained the following spells:

 Spells                   Type           Power      Damage    Failure   Level
 Call Imp                 Summ           5%         N/A       24%         2
 Slow                     Hex            2%         N/A       34%         2


Dungeon Overview and Level Annotations

Branches:
Dungeon (3/15)

Altars:
Qazlal

Shops:
D:2 *

Portals:
Sewer: D:3


Innate Abilities, Weirdness & Mutations

Your serpentine skin is tough. (AC +1)
You have supernaturally acute eyesight. (SInv)
Armour fits poorly on your strangely shaped body.
Your system is resistant to poisons. (rPois)
You cover ground very slowly.
You can spit poison.
You have a snake-like lower body.


Message History

Press: ? - help, Shift-Dir - straight line, f/p - quokka
Aim: a quokka (heavily wounded, 100% to hit)
The magic dart hits the quokka.
The quokka is almost dead.
The quokka bites you. The giant cockroach bites you.
Casting: Magic Dart (safe; 14% risk of failure)
Confirm with . or Enter, or press ? or * to list all spells.
Aiming: Magic Dart (safe; 14% risk of failure)
Press: ? - help, Shift-Dir - straight line, f/p - quokka
Aim: a quokka (almost dead, 100% to hit)
The magic dart hits the quokka but does no damage.
The quokka is almost dead.
The quokka bites you.
* * * LOW HITPOINT WARNING * * *
The giant cockroach bites you.
* * * LOW HITPOINT WARNING * * *
Okay, then.
Unknown command.
Casting: Magic Dart (safe; 14% risk of failure)
Confirm with . or Enter, or press ? or * to list all spells.
Aiming: Magic Dart (safe; 14% risk of failure)
Press: ? - help, Shift-Dir - straight line, f/p - quokka
Aim: a quokka (almost dead, 100% to hit)
You miscast Magic Dart.
You are very lightly contaminated with residual magic.
Nothing appears to happen.
The quokka bites you.
* * * LOW HITPOINT WARNING * * *
The giant cockroach bites you but does no damage.
The quokka barely misses you.
Casting: Magic Dart (safe; 14% risk of failure)
Confirm with . or Enter, or press ? or * to list all spells.
Aiming: Magic Dart (safe; 14% risk of failure)
Press: ? - help, Shift-Dir - straight line, f/p - quokka
Aim: a quokka (almost dead, 100% to hit)
The magic dart hits the quokka but does no damage.
The quokka is almost dead.
The giant cockroach bites you.
* * * LOW HITPOINT WARNING * * *
The quokka bites you.
You die...

'..#....'.........#
####'####.........#
...... #.........#
...... ####......#
...... #......##
...... #.......##
...... #........##
...... #...Br#...#
...... #....@#B≈≈#
###. #######≈≈≈#
#≈≈B# #≈≈≈# #≈∩≈#
#≈≈≈# #≈≈≈#


You could see a quokka and a giant cockroach.

Vanquished Creatures
  An adder (D:2)
  2 dart slugs
  5 bats
  An endoplasm (D:1)
  A giant cockroach (D:3)
  2 goblins (D:2)
  4 hobgoblins (D:2)
  A kobold (D:2)
  A quokka (D:3)
  5 ball pythons
  3 frilled lizards (D:2)
  A rat (D:3)
27 creatures vanquished.

Vanquished Creatures (others)
  2 plants (D:2)
2 creatures vanquished.

Grand Total: 29 creatures vanquished

Notes
Turn   | Place    | Note
-------+----------+-------------------------------------------
     0 | D:1      | zazu2006 the Naga Hedge Wizard began the quest for the Orb.
     0 | D:1      | Reached XP level 1. HP: 15/15 MP: 4/4
   101 | D:1      | You fall into a shaft and drop 1 floor!
   164 | D:2      | Reached XP level 2. HP: 22/22 MP: 0/6
   346 | D:2      | Reached XP level 3. HP: 28/28 MP: 5/8
   350 | D:2      | Learned a level 3 spell: Mephitic Cloud
   354 | D:2      | Learned a level 3 spell: Conjure Flame
   357 | D:2      | Learned a level 2 spell: Blink
   611 | D:2      | Found a faded altar of an unknown god.
   788 | D:2      | Found Ymethrof's Assorted Antiques.
  1146 | D:3      | Found a stormy altar of Qazlal.
  1255 | D:3      | Found a glowing drain.
  1327 | D:3      | Slain by a quokka

Illustrated notes

Levels and vault maps discovered:
D:1:      dpeg_arrival_rooms_c, layout_basic, serial_shops, shop
D:2:      layout_loops_ring, shapermc_ecumenical_altar_acropolis, serial_shops,
          nicolae_shop_overgrown_old_shop, kennysheep_generic_room_2
D:3:      layout_basic, nicolae_qazlal_general_emergency, portal_sewer_entry_f

Action                   || total
-------------------------++-------
Melee: Dagger            ||     6
 Cast: Magic Dart        ||    62
 Abil: Spit Poison       ||     8
Armor: Leather armour    ||     9
Dodge: Dodged            ||    17

Table legend: (Time is in decaauts)
 A = Elapsed time spent in this place.
 B = Non-inter-level travel time spent in this place.
 C = Inter-level travel time spent in this place.
 D = Time resting spent in this place.
 E = Time spent auto-exploring this place.
 F = Levels seen in this place.
 G = Mean time per level.
                   A        B        C        D        E       F      G
               +--------+--------+--------+--------+--------+-----+--------+
         Total |   1633 |   1589 |     44 |     96 |   1124 |   3 |  544.3 |
       Dungeon |   1633 |   1589 |     44 |     96 |   1124 |   3 |  544.3 |
               +--------+--------+--------+--------+--------+-----+--------+

Top non-repeatable levels by time:
     D:2: 1249 daAuts
     D:3: 265 daAuts
     D:1: 118 daAuts
